 Dungeon Crawl Stone Soup version 0.18-b1-14-g029dad2 (webtiles) character file.

198 syage the Covered (level 5, -11/42 HPs)
             Began as a Demonspawn Fighter on Apr 30, 2016.
             Killed by divine providence
             ... invoked by an orc priest
              (17 damage)
             ... on level 3 of the Dungeon.
             The game lasted 00:06:17 (2038 turns).

syage the Covered (Demonspawn Fighter)              Turns: 2038, Time: 00:06:17

Health: -11/42     AC: 12    Str: 17    XL:     5   Next: 47%
Magic:  5/5        EV:  4    Int:  9    God:
Gold:   74         SH:  8    Dex: 13    Spells: 0 memorised, 4 levels left

rFire  . . .     SeeInvis .     a - +0 long sword
rCold  . . .     Gourm    .     t - +0 chain mail
rNeg   . . .     Faith    .     c - +0 shield
rPois  .         Spirit   .     q - +0 helmet
rElec  .         Dismiss  .     (no cloak)
rCorr  .         Reflect  .     (no gloves)
SustAt .         Harm     .     (no boots)
MR     .....                    (no amulet)
Stlth  ..........               (no ring)
                                i - ring of stealth

@: not resistant to hostile enchantments, extremely unstealthy
A: hooves 1, thin metallic scales 1
a: no special abilities


You were on level 3 of the Dungeon.
You were not hungry.

You visited 1 branch of the dungeon, and saw 3 of its levels.

You collected 74 gold pieces.

Inventory:

Hand Weapons
 a - a +0 long sword (weapon)
Armour
 b - a +0 scale mail
 c - a +0 shield (worn)
 q - a +0 helmet (worn)
 t - a +0 chain mail (worn)
Jewellery
 i - a ring of stealth (left hand)
Wands
 p - a wand of random effects (27/48)
Scrolls
 e - a scroll of enchant weapon {unknown}
 g - 2 scrolls of teleportation {unknown}
 l - a scroll of immolation {unknown}
 n - 2 scrolls of recharging {unknown}
 o - a scroll of remove curse {unknown}
 s - a scroll of random uselessness {unknown}
Potions
 d - a potion of might
 j - a potion of beneficial mutation {unknown}
 m - a potion of flight {unknown}
 r - a potion of haste {unknown}
Comestibles
 f - a bread ration
 h - 3 meat rations
 k - a slice of pizza
 u - 8 chunks of flesh


   Skills:
 + Level 4.1 Fighting
 + Level 3.0 Long Blades
 + Level 4.2 Armour
 - Level 0.5 Dodging
 - Level 2.6 Shields


You had 4 spell levels left.
You didn't know any spells.

Dungeon Overview and Level Annotations

Branches:
Dungeon (3/15)

Altars:
Kikubaaqudgha


Innate Abilities, Weirdness & Mutations

You have large cloven feet.
You are partially covered in thin metallic scales (AC +2).


Message History

The slug dart hits you! The dart slug launches a dart at you.
You block the slug dart.
An orc and an orc priest come into view.
The orc shouts!
The orc priest shouts!
An orc comes into view. It is wielding a whip.
The orc shouts!
You hit the dart slug.
The dart slug is lightly wounded.
The orc moves out of view.
You block the dart slug's attack.
You hit the dart slug.
The dart slug is moderately wounded.
The orc priest invokes the aid of Beogh against you.
Beogh smites you! The dart slug barely misses you.
The orc priest invokes the aid of Beogh against you.
Beogh smites you!
* * * LOW HITPOINT WARNING * * *
The orc priest invokes the aid of Beogh against you.
Beogh smites you!
You die...

#########.# . #.#
#.# ######.#######
#.# #............#
#########.######.
#.###o.....<..
.................
#.# #.#####..#
#########.#######
##.###o# .#
#.#########...##.#
#........#.....#.#
########@o..wo.o.#
###.....#.......
##...#########
##....? ######


You could see an orc priest, a dart slug and 2 orcs.

Vanquished Creatures
  The ghost of skk the Shooter, an amateur CeHu (D:3)
  An orc priest (D:3)
  A gnoll (D:1)
  An adder (D:3)
  A worm (D:3)
  A dart slug (D:1)
  3 giant geckos
  5 orcs (D:3)
  8 bats
  A giant cockroach (D:1)
  5 hobgoblins
  8 jackals
  3 kobolds
  A ball python (D:1)
  10 goblins
  2 rats
52 creatures vanquished.

Notes
Turn   | Place    | Note
--------------------------------------------------------------
     0 | D:1      | syage the Demonspawn Fighter began the quest for the Orb.
     0 | D:1      | Reached XP level 1. HP: 18/18 MP: 1/1
   114 | D:1      | Gained mutation: You are partially covered in thin metallic scales (AC +2). [demonic ancestry]
   114 | D:1      | Reached XP level 2. HP: 19/24 MP: 2/2
   467 | D:1      | Reached XP level 3. HP: 29/29 MP: 3/3
   867 | D:2      | Found a faded altar to an unknown god.
  1243 | D:2      | Found an ancient bone altar of Kikubaaqudgha.
  1836 | D:3      | Gained mutation: You have large cloven feet. [demonic ancestry]
  1836 | D:3      | Reached XP level 4. HP: 24/37 MP: 4/4
  1976 | D:3      | Noticed skk's ghost (amateur CeHu)
  1995 | D:3      | Killed skk's ghost
  1995 | D:3      | Reached XP level 5. HP: 22/42 MP: 5/5
  2038 | D:3      | Killed from afar by an orc priest

Skill      XL: |  1  2  3  4 |
---------------+-------------+-----
Armour         | 3 4 |  4.2
Long Blades    | 2 3 |  3.0
Fighting       | 4 |  4.1
Dodging        | |  0.5
Shields        | |  2.6

Action                   |  1- 3 |  4- 6 || total
-------------------------+-------+-------++-------
Melee: Long sword        |   165 |    43 ||   208
       Kick              |       |    17 ||    17
  Eat: Chunk             |     3 |     1 ||     4
Armor: Scale mail        |    85 |       ||    85
       Chain mail        |    21 |    27 ||    48
Dodge: Dodged            |    61 |     5 ||    66
Block: Shield            |    99 |    20 ||   119
